Map: Eternal Empire LE

Players

INnoVation - Winner!

  • Race: Terran Terran
  • Spawn Location: 1:00

Serral

  • Race: Zerg Zerg
  • Spawn Location: 7:00

Event: StayAtHomestory Cup #2

VOD

Have the link to the VOD?

Description

Time

  • Played on: June 13, 2020, 7:53 a.m.
  • Length: 14:04

All games in this series

Show
View Real Time Build Order
Export as new Build Order

INnoVation Terran - Winner!

Build Orders: Hellion Opening, Reaper Expand, Mech 

Get SALT Encoding   

  12  0:00  SCV  
  13  0:12  SCV  
  14  0:17  Supply Depot  
  14  0:24  SCV  
  15  0:39  SCV  
  15  0:40  Barracks  
  16  0:43  Refinery  
  16  0:51  SCV  
  17  1:03  SCV  
  18  1:15  SCV  
  19  1:27  Orbital Command, Reaper  
  20  1:41  Command Center  
  20  1:53  SCV, Supply Depot  
  21  1:59  Marine  
  22  2:05  SCV  
  23  2:09  Factory  
  23  2:14  Refinery  
  23  2:17  SCV  
  23  2:21  Barracks Reactor  
  25  2:30  SCV  
  25  2:42  SCV  
  26  2:53  Starport, Orbital Command  
  26  2:54  SCV  
  27  3:02  Hellion x2  
  31  3:06  SCV  
  31  3:12  Marine  
  33  3:19  SCV, Supply Depot  
  35  3:20  SCV  
  35  3:24  Hellion x2  
  39  3:31  Fusion Core  
  39  3:33  SCV  
  40  3:34  SCV  
  40  3:36  Starport Tech Lab  
  41  3:45  Hellion x2  
  45  3:49  Supply Depot  
  45  3:53  SCV x2  
  47  4:06  SCV x2, Hellion  
  47  4:07  Hellion  
  53  4:12  Supply Depot  
  53  4:21  Battlecruiser  
  53  4:23  SCV x2  
  59  4:34  Hellion x2  
  57  4:39  SCV x2  
  59  4:50  Command Center  
  59  4:51  SCV, Refinery x2  
  59  4:52  SCV  
  61  4:59  Hellion x2  
  65  5:03  Supply Depot  
  65  5:04  SCV x2  
  67  5:16  SCV x2  
  69  5:25  Battlecruiser  
  75  5:28  SCV x2  
  75  5:33  Factory  
  75  5:34  Factory  
  77  5:40  SCV  
  78  5:45  SCV  
  78  5:46  Supply Depot  
  77  5:53  SCV, Hellion  
  78  6:02  SCV, Hellion  
  78  6:04  Orbital Command  
  81  6:08  SCV  
  73  6:14  SCV, Hellion  
  74  6:19  Refinery, Factory Tech Lab x2  
  74  6:20  SCV  
  74  6:21  Refinery, Weapon Refit  
  74  6:23  Hellion  
  77  6:26  SCV  
  77  6:29  Engineering Bay, Battlecruiser  
  77  6:32  SCV x2  
  86  6:37  Armory  
  86  6:38  SCV  
  87  6:41  Armory  
  87  6:46  SCV x2  
  89  6:50  SCV  
  89  6:52  Supply Depot  
  90  6:58  SCV x2  
  92  7:01  Missile Turret  
  92  7:02  SCV  
  92  7:04  Siege Tank x2  
  92  7:08  Missile Turret  
  99  7:09  Missile Turret  
  99  7:12  SCV x2  
  99  7:14  SCV, Supply Depot  
  99  7:15  Supply Depot  
  102  7:20  Infernal Pre-Igniter  
  102  7:22  Supply Depot  
  102  7:26  Terran Vehicle Weapons Level 1  
  102  7:28  Terran Vehicle And Ship Armor Level 1  
  102  7:29  SCV x3  
  105  7:37  Thor  
  105  7:38  Supply Depot  
  105  7:39  Hellion x2  
  105  7:42  Starport Reactor  
  113  7:46  SCV x3  
  113  7:48  Thor  
  122  7:57  Command Center  
  120  8:13  Barracks Reactor  
  120  8:16  Factory  
  120  8:17  Hellion x2  
  120  8:18  Factory  
  124  8:26  Thor  
  130  8:31  Thor  
  130  8:34  Supply Depot x3  
  136  8:42  Missile Turret  
  138  8:48  Hellion  
  138  8:49  Hellion  
  138  8:52  Missile Turret  
  138  8:53  Missile Turret  
  138  8:54  Missile Turret  
  140  8:57  Supply Depot x2  
  140  8:59  Missile Turret  
  140  9:05  Missile Turret x2  
  138  9:15  Thor x2  
  138  9:16  Siege Tank  
  152  9:18  SCV x3  
  152  9:23  Terran Vehicle And Ship Armor Level 2, Terran Vehicle Weapons Level 2  
  154  9:25  Missile Turret  
  154  9:30  SCV  
  154  9:31  SCV x2  
  157  9:33  Planetary Fortress  
  157  9:37  Missile Turret  
  157  9:38  Unknown  
  157  9:39  Sensor Tower  
  157  9:47  Hellion x4  
  157  9:49  SCV x2  
  157  9:50  SCV  
  168  10:02  Command Center, Thor  
  168  10:03  Siege Tank  
  168  10:04  Siege Tank  
  180  10:09  Missile Turret  
  180  10:10  Missile Turret  
  180  10:21  Barracks Reactor  
  180  10:22  Factory  
  180  10:23  Factory  
  180  10:24  Factory  
  176  10:33  Hellion x3  
  176  10:35  Siege Tank  
  183  10:36  Siege Tank  
  186  10:49  Command Center  
  186  10:51  Missile Turret  
  186  10:59  Smart Servos  
  186  11:01  Siege Tank  
  189  11:07  Siege Tank  
  189  11:08  Siege Tank  
  194  11:15  Factory Reactor, Factory Tech Lab x2  
  194  11:17  Hellion x4  
  198  11:24  SCV x2  
  198  11:25  SCV x2  
  185  11:38  Siege Tank x2, Thor  
  185  11:39  Hellion x3, Siege Tank  
  198  11:40  SCV  
  199  11:54  SCV  
  200  12:03  Hellion  
  200  12:10  Orbital Command  
  200  12:13  Planetary Fortress  
  200  12:15  Command Center  
  200  12:17  Command Center  
  200  12:24  SCV x3  
  200  12:25  SCV  
  195  12:36  SCV  
  195  12:37  Thor x2  
  169  12:38  Siege Tank  
  169  12:41  Hellion x5  
  169  12:42  SCV x2  
  169  12:43  SCV  
  197  12:48  Unknown  
  197  12:55  SCV x3  
  194  13:04  Thor  
  200  13:19  Thor  
  200  13:22  Hellion  
  200  13:24  Hellion x4  
  200  13:25  Siege Tank x2  
  184  13:31  Siege Tank  
  175  13:36  Hellion  
  175  13:38  Refinery  
  175  13:39  Refinery  
  177  13:45  SCV x3  
  177  13:46  SCV  
  177  13:48  SCV x3  
Show
View Real Time Build Order
Export as new Build Order

Serral Zerg 

Build Orders: Hatch First, Muta Ling Bane 

Get SALT Encoding   

  12  0:00  Drone  
  13  0:13  Overlord  
  13  0:19  Drone  
  14  0:32  Drone x2  
  16  0:48  Hatchery  
  15  0:51  Drone  
  15  0:55  Drone  
  17  0:59  Drone  
  18  1:09  Extractor  
  17  1:14  Spawning Pool  
  17  1:18  Drone  
  17  1:21  Drone  
  18  1:29  Drone  
  19  1:39  Drone  
  20  1:50  Overlord  
  20  2:00  Queen  
  20  2:01  Queen  
  24  2:02  Zergling x4  
  26  2:10  Drone  
  26  2:11  Drone  
  26  2:12  Metabolic Boost  
  28  2:22  Drone  
  29  2:35  Hatchery  
  28  2:37  Drone  
  28  2:40  Drone  
  30  2:46  Queen  
  32  2:51  Overlord  
  32  2:54  Drone  
  32  2:56  Drone  
  34  2:59  Drone  
  34  3:01  Drone  
  36  3:12  Drone x4  
  40  3:14  Overlord  
  40  3:16  Drone  
  41  3:21  Drone  
  41  3:24  Queen  
  44  3:30  Overlord  
  44  3:33  Overlord  
  44  3:38  Zergling x2  
  45  3:41  Zergling x2  
  45  3:43  Drone x2  
  45  3:44  Drone  
  45  3:47  Queen  
  52  3:48  Zergling x2  
  52  3:50  Drone  
  53  3:58  Zergling x2, Overlord  
  53  3:59  Drone x2  
  53  4:00  Drone  
  57  4:04  Queen  
  57  4:08  Zergling x2  
  57  4:09  Zergling x2  
  61  4:10  Drone  
  61  4:15  Baneling Nest  
  61  4:16  Drone x2  
  63  4:20  Drone x3  
  65  4:24  Lair  
  62  4:35  Drone, Spore Crawler  
  62  4:37  Drone x2  
  62  4:38  Drone x3  
  66  4:40  Spore Crawler  
  66  4:41  Spore Crawler  
  66  4:43  Drone x2  
  66  4:45  Drone  
  67  4:46  Drone  
  67  4:52  Zergling x4  
  69  4:54  Drone  
  69  4:57  Extractor, Overlord  
  69  4:58  Extractor  
  69  4:59  Zergling x2  
  69  5:00  Drone x2  
  69  5:03  Overlord  
  69  5:04  Drone x2  
  73  5:12  Overlord  
  73  5:15  Queen  
  73  5:18  Baneling x3  
  73  5:19  Drone x3  
  73  5:20  Drone x2  
  73  5:21  Evolution Chamber, Drone  
  79  5:22  Drone  
  79  5:23  Overseer  
  79  5:25  Drone  
  79  5:27  Drone x2  
  79  5:28  Drone  
  85  5:30  Extractor, Drone  
  85  5:35  Drone x3  
  88  5:36  Evolution Chamber  
  88  5:38  Drone x2  
  88  5:41  Zergling x2  
  89  5:48  Zergling x2  
  90  5:51  Zergling x2  
  90  5:56  Drone x3  
  90  6:07  Drone x6  
  90  6:11  Extractor, Spire  
  86  6:14  Queen x2  
  86  6:15  Queen  
  86  6:18  Drone x2  
  88  6:19  Drone  
  88  6:20  Drone x2  
  91  6:31  Extractor  
  91  6:32  Zergling x8  
  94  6:33  Zergling x2  
  94  6:34  Zerg Melee Weapons Level 1  
  94  6:36  Zerg Ground Armor Level 1  
  94  6:38  Hatchery  
  94  6:39  Zergling x2  
  95  6:40  Spore Crawler  
  95  6:42  Overlord x2  
  94  6:49  Overlord, Spore Crawler  
  94  6:53  Unknown, Centrifical Hooks  
  92  6:57  Hatchery  
  92  7:01  Zergling x8  
  92  7:02  Zergling x2  
  92  7:07  Overlord, Spore Crawler  
  95  7:14  Drone x5  
  95  7:15  Drone x2  
  102  7:16  Overlord  
  102  7:25  Zerg Flyer Weapons Level 1  
  102  7:26  Mutalisk x5  
  112  7:32  Drone  
  112  7:36  Mutalisk  
  112  7:37  Mutalisk  
  113  7:38  Drone  
  113  7:39  Drone x2  
  119  7:45  Drone x2  
  119  7:46  Drone x2  
  119  7:50  Mutalisk x2  
  125  7:52  Drone  
  125  7:53  Drone  
  127  7:59  Mutalisk  
  127  8:05  Mutalisk x2  
  128  8:06  Mutalisk  
  128  8:07  Zergling x4  
  128  8:08  Zergling x2  
  128  8:11  Extractor  
  133  8:13  Mutalisk  
  133  8:15  Extractor  
  134  8:21  Drone x3  
  134  8:22  Drone x3, Overlord x2  
  134  8:23  Overlord  
  134  8:25  Mutalisk  
  142  8:30  Overlord x2  
  142  8:45  Mutalisk x2  
  142  8:46  Mutalisk x4  
  142  8:47  Drone  
  152  8:54  Mutalisk x2  
  154  8:55  Zergling x2  
  154  8:56  Zergling x22  
  154  9:01  Hatchery  
  165  9:06  Hatchery  
  165  9:07  Zerg Ground Armor Level 2, Zerg Melee Weapons Level 2  
  165  9:08  Drone  
  165  9:09  Drone  
  166  9:11  Zergling x20  
  176  9:20  Infestation Pit  
  176  9:23  Drone x5  
  180  9:26  Spine Crawler, Drone  
  180  9:27  Drone, Spine Crawler  
  180  9:31  Zerg Flyer Weapons Level 2  
  180  9:34  Mutalisk  
  180  9:36  Unknown  
  181  9:40  Overlord x5  
  181  9:41  Pneumatized Carapace  
  181  9:44  Baneling x5  
  181  9:45  Baneling x4  
  181  9:51  Mutalisk  
  181  9:57  Hive  
  181  10:00  Drone  
  181  10:01  Drone  
  181  10:02  Mutalisk x3  
  181  10:04  Zergling x2  
  181  10:05  Zergling x18  
  199  10:09  Hatchery  
  199  10:11  Mutalisk x3  
  191  10:22  Zergling x18  
  197  10:34  Baneling  
  197  10:35  Baneling x22  
  196  10:36  Baneling x4  
  196  10:40  Mutalisk  
  196  10:41  Mutalisk  
  200  10:49  Spore Crawler  
  199  10:50  Spine Crawler  
  198  10:58  Baneling  
  198  10:59  Baneling x5  
  198  11:01  Zergling x6  
  195  11:14  Zergling x2  
  195  11:15  Zergling x24  
  185  11:29  Adrenal Glands  
  175  11:35  Ultralisk Cavern, Zergling x2  
  175  11:36  Zergling x22  
  182  11:41  Drone x3, Zergling x2  
  182  11:42  Zergling x26  
  199  11:57  Baneling x8  
  199  12:00  Overlord  
  199  12:01  Zerg Flyer Armor Level 1  
  199  12:06  Hatchery  
  196  12:08  Spine Crawler, Zergling x2  
  196  12:09  Zergling x8  
  196  12:14  Baneling x36  
  198  12:20  Zergling x12  
  181  12:36  Zergling x2  
  181  12:37  Zergling x54  
  181  12:44  Baneling x6  
  181  12:45  Baneling x8  
  181  12:47  Zergling x6  
  167  13:00  Mutalisk x2  
  167  13:01  Mutalisk x4  
  151  13:25  Zergling x16  
  151  13:26  Zergling x20  
  145  13:31  Corruptor x4  
  136  13:44  Zergling x18  
  143  13:49  Baneling x10  
Tags
 
Add a new tag
Caveats
  • Supply blocks, unpowered buildings, or Contaminate may cause inaccurate times.
  • Supply counts are checked every 10 seconds.